 Dungeon Crawl Stone Soup version 0.28-a0-1415-g7c84da036a (webtiles) character file.

Game seed: 18195306369346972648

458 night the Gusty (level 6, 0/42 HPs)
             Began as a Demonspawn Wanderer on Dec 31, 2021.
             Was a Plaything of Xom.
             Killed from afar by a steam dragon (26 damage)
             ... with a ball of steam
             ... on level 5 of the Dungeon on Jan 7, 2022.
             The game lasted 00:12:09 (5411 turns).

night the Gusty (Demonspawn Wanderer)               Turns: 5411, Time: 00:12:09

Health: 0/42       AC:  3    Str: 12    XL:     6   Next: 77%
Magic:  9/11       EV: 12    Int: 16    God:    Xom [..*...]
Gold:   114        SH:  5    Dex: 12    Spells: 8/12 levels left

rFire   . . .      SeeInvis .   a - +0 dagger (vorpal)
rCold   . . .      Faith    .   c - +0 buckler
rNeg    . . .      Spirit   .   d - +0 robe
rPois   .          Reflect  .   k - +0 helmet
rElec   .          Harm     .   (no cloak)
rCorr   .          Rampage  .   (no gloves)
Will    .....                   (no boots)
Stlth   +.........              (no amulet)
HPRegen 0.14/turn               (no ring)
MPRegen 0.12/turn               (no ring)

@: no status effects
A: repulsion field 1, demonic guardian 2
a: Renounce Religion


You were on level 5 of the Dungeon.
You worshipped Xom.
You were a toy of Xom.
You visited 2 branches of the dungeon, and saw 6 of its levels.

You collected 114 gold pieces.

Inventory:

Hand Weapons
 a - a +0 vorpal dagger (weapon)
Missiles
 b - 3 curare-tipped darts
 h - 111 stones
 l - 42 poisoned darts (quivered)
 p - 23 arrows
Armour
 c - a +0 buckler (worn)
 d - a +0 robe (worn)
 k - a +0 helmet (worn)
 o - an orb of energy
Jewellery
 g - a ring of flight
Scrolls
 e - a scroll of noise
Potions
 f - 2 potions of attraction
 i - a potion of haste {unknown}
 j - 2 potions of curing {unknown}
 m - a potion of cancellation {unknown}
 n - a potion of flight {unknown}
 q - a potion of lignification {unknown}


   Skills:
 + Level 0.6 Fighting
 - Level 3.6 Throwing
 - Level 4.0 Shields
 + Level 3.6 Spellcasting
 + Level 4.5 Air Magic


You had 8 spell levels left.
You knew the following spells:

 Your Spells              Type           Power      Damage    Failure   Level
a - Shock                 Conj/Air       40%        1d5       9%          1
b - Swiftness             Air            17%        N/A       11%         3

Your spell library contained the following spells:

 Spells                   Type           Power      Damage    Failure   Level


Dungeon Overview and Level Annotations

Branches:
Dungeon (5/15)             Temple (1/1) D:4

Altars:
Ashenzari
Dithmenos
Gozag
Hepliaklqana
Makhleb
Nemelex Xobeh
Ru
Trog
Vehumet
Wu Jian
Xom
The Shining One


Innate Abilities, Weirdness & Mutations

You are surrounded by a mild repulsion field. (EV +2)
A demonic guardian rushes to your aid.


Message History

The worm is almost dead.
The zap hits the worm.
You kill the worm!
You now have 100 gold pieces (gained 17).
h - 111 stones (gained 7)
You now have 114 gold pieces (gained 14).
A steam dragon and a jelly come into view.
The jelly quivers.
The steam dragon hisses angrily.
The steam dragon breathes steam at you. The ball of steam hits you!
A demonic guardian appears!
The jelly moves out of view.
The steam dragon moves out of view.
You hear a shout!
You see here 3 gold pieces.
The jelly is engulfed in a cloud of scalding steam.
Casting: Shock (safe; 9% risk of failure)
Confirm with . or Enter, or press ? or * to list all spells.
Aiming: Shock (safe; 9% risk of failure)
Press: ? - help, Shift-Dir - straight line, f - steam dragon
Aim: a steam dragon (steam, 68% to hit)
Your demonic guardian avoids your attack.
The zap hits the jelly.
The jelly is moderately wounded.
The zap misses the steam dragon.
The zap hits the steam dragon.
The steam dragon is lightly wounded.
The jelly is engulfed in a cloud of scalding steam.
Your hellwing hits the steam dragon! Your hellwing misses the steam dragon.
Casting: Shock (safe; 9% risk of failure)
Confirm with . or Enter, or press ? or * to list all spells.
Aiming: Shock (safe; 9% risk of failure)
Press: ? - help, Shift-Dir - straight line, p - steam dragon The zap hits the jelly.
The jelly is almost dead.
The zap hits the jelly.
The jelly is almost dead.
The steam dragon breathes steam at you. The ball of steam hits your hellwing!!
The ball of steam hits you!!
Ouch! That really hurt!
You die...
Xom yawns loudly!

.. #...#######.D .
###.##... ...#.#.
#.##.#.#...# #.. ..
...........# #.# .#
...........###.##D#
#..........#....$4#
.............#.§J§#
#...........##.#§.#
##.##.......##..@.#
#...........#........
#.......#..###.....#.
##......##...####.##
##.#...###...##..#
###...##....#...####
#
#................#..#
#..#.................
####...#.......#


You could see a steam dragon (catching breath, ally target), a jelly and a
friendly hellwing (summoned).

Vanquished Creatures
  An iguana (D:4)
  A gnoll (D:1)
  6 adders
  2 worms
  A dart slug (D:4)
  An orc (D:4)
  9 endoplasms
  2 giant cockroaches (D:3)
  8 goblins
  5 hobgoblins
  7 jackals (D:3)
  4 quokkas (D:1)
  9 ball pythons
  2 bats (D:1)
  10 frilled lizards
  7 kobolds
  6 rats
81 creatures vanquished.

Vanquished Creatures (collateral kills)
  Sigmund (D:2)
  2 scorpions (D:4)
  An orc (D:4)
  A bat (D:1)
  A kobold (D:1)
6 creatures vanquished.

Vanquished Creatures (others)
  2 plants (D:3)
2 creatures vanquished.

Grand Total: 89 creatures vanquished

Notes
Turn   | Place    | Note
-------+----------+-------------------------------------------
     0 | D:1      | night the Demonspawn Wanderer began the quest for the Orb.
     0 | D:1      | night set off with the following items: a +0 vorpal dagger,
                  | 3 curare-tipped darts, a +0 buckler, a +0 robe; and the
                  | following spell memorised: Shock; and the following spells
                  | available to memorise: Swiftness
     0 | D:1      | Reached XP level 1. HP: 13/13 MP: 2/2
   491 | D:1      | Reached skill level 2 in Shields
   491 | D:1      | Gained mutation: A weak demonic guardian rushes to your
                  | aid. [demonic ancestry]
   491 | D:1      | Reached XP level 2. HP: 20/20 MP: 1/3
   765 | D:1      | Gained mutation: You are surrounded by a mild repulsion
                  | field. (EV +2) [demonic ancestry]
   765 | D:1      | Reached XP level 3. HP: 25/25 MP: 0/5
  2076 | D:2      | Reached skill level 2 in Spellcasting
  2148 | D:2      | Noticed Sigmund
  2171 | D:2      | Killed Sigmund
  2172 | D:2      | Reached XP level 4. HP: 8/31 MP: 6/8
  2172 | D:2      | Gained mutation: A demonic guardian rushes to your aid.
                  | [demonic ancestry]
  2172 | D:2      | Reached XP level 5. HP: 10/36 MP: 6/9
  3382 | D:3      | Found a faded altar of an unknown god.
  3585 | D:3      | Reached XP level 6. HP: 31/42 MP: 5/10
  3928 | D:3      | Upgraded the game from 0.28-a0-1374-ga75cb3825e to
                  | 0.28-a0-1415-g7c84da036a
  3932 | D:3      | Learned a level 3 spell: Swiftness
  4867 | D:4      | Found a staircase to the Ecumenical Temple.
  4876 | Temple   | Entered the Ecumenical Temple
  4955 | Temple   | Became a worshipper of Xom of Chaos
  5260 | D:5      | Entered Level 5 of the Dungeon
  5406 | D:5      | Noticed a steam dragon
  5411 | D:5      | Killed from afar by a steam dragon

Illustrated notes

Levels and vault maps discovered:
D:1:      erik_arrival_blinker_ship, layout_loops_ring
D:2:      layout_basic, uniq_sigmund
D:3:      layout_basic, hellmonk_ecumenical_altar_dog_temple, minmay_lizard_king
D:4:      layout_loops_ring, minmay_temple_entry_trees
D:5:      layout_cave_pools
Temple:   minmay_temple_bridge_abc

Skill      XL: |  1  2  3  4  5  6 |
---------------+-------------------+-----
Shields        | 2 3 4 |  4.0
Air Magic      | 3 4 |  4.5
Spellcasting   | 2 3 |  3.6
Fighting       | |  0.6
Throwing       | |  3.6

Action                   |  1- 3 |  4- 6 || total
-------------------------+-------+-------++-------
Melee: Dagger            |    65 |    25 ||    90
Throw: Dart              |    11 |     3 ||    14
 Cast: Shock             |    69 |    98 ||   167
  Use: Scroll            |     3 |     1 ||     4
 Stab: Sleeping          |       |     2 ||     2
Armor: Robe              |    14 |     9 ||    23
Dodge: Dodged            |    49 |    38 ||    87
Block: Buckler           |     9 |    12 ||    21

Table legend: (Time is in decaauts)
 A = Elapsed time spent in this place.
 B = Non-inter-level travel time spent in this place.
 C = Inter-level travel time spent in this place.
 D = Time resting spent in this place.
 E = Time spent auto-exploring this place.
 F = Levels seen in this place.
 G = Mean time per level.
                   A        B        C        D        E       F      G
               +--------+--------+--------+--------+--------+-----+--------+
         Total |   5412 |   5271 |    141 |    366 |   4213 |   6 |  902.0 |
       Dungeon |   5311 |   5191 |    120 |    366 |   4172 |   5 | 1062.2 |
        Temple |    100 |     79 |     21 |      0 |     41 |   1 |  100.0 |
               +--------+--------+--------+--------+--------+-----+--------+

Top non-repeatable levels by time:
     D:1: 1595 daAuts
     D:3: 1341 daAuts
     D:2: 1285 daAuts
     D:4: 946 daAuts
     D:5: 142 daAuts
  Temple: 100 daAuts
